Map: Ultralove

Players

ManlyManMeat

  • Race: Zerg Zerg
  • League: Diamond
  • Spawn Location: 1:00

GABEN - Winner!

  • Race: Terran Terran
  • League: Master
  • Spawn Location: 7:00

VOD

Have the link to the VOD?

Description

Time

  • Played on: July 1, 2025, 11:59 a.m.
  • Length: 14:59
Show
View Real Time Build Order
Export as new Build Order

ManlyManMeat Zerg 

Build Orders: Hatch First 

Get SALT Encoding   

  12  0:00  Drone  
  13  0:08  Drone  
  14  0:16  Drone, Extractor  
  15  0:32  Overlord  
  15  0:43  Hatchery  
  15  0:48  Drone, Extractor  
  14  0:52  Drone  
  14  0:55  Drone  
  17  1:06  Drone  
  18  1:13  Drone  
  19  1:20  Spawning Pool  
  19  1:21  Extractor  
  17  1:34  Drone  
  17  1:35  Drone  
  19  1:47  Hatchery  
  18  2:02  Drone  
  18  2:03  Drone  
  20  2:08  Queen  
  20  2:15  Queen  
  24  2:23  Zergling x2  
  24  2:24  Zergling x2  
  26  2:33  Metabolic Boost  
  26  2:39  Extractor  
  26  2:42  Extractor  
  24  2:54  Zergling x6  
  24  2:55  Zergling x2  
  28  3:00  Drone  
  28  3:01  Drone  
  28  3:04  Queen  
  32  3:07  Drone  
  33  3:19  Drone, Overlord  
  34  3:30  Baneling Nest  
  32  3:48  Drone x8  
  40  3:59  Overlord  
  40  4:00  Overlord  
  40  4:08  Drone, Extractor  
  40  4:09  Drone  
  41  4:21  Drone x3  
  41  4:24  Roach Warren  
  43  4:33  Lair  
  43  4:38  Drone x3  
  45  4:39  Drone x2  
  45  4:40  Drone  
  48  4:46  Zergling x6  
  49  5:03  Drone x4  
  53  5:09  Evolution Chamber  
  53  5:10  Evolution Chamber  
  53  5:12  Queen  
  53  5:13  Queen  
  55  5:16  Drone x2  
  55  5:36  Zerg Ground Armor Level 1, Zerg Missile Weapons Level 1  
  55  5:37  Glial Reconstitution  
  55  5:39  Roach  
  47  5:57  Roach x7  
  58  6:07  Overlord  
  58  6:08  Overlord x2  
  58  6:17  Overseer  
  58  6:28  Drone  
  58  6:30  Overseer  
  58  6:32  Drone x5  
  64  6:33  Drone x3  
  69  6:54  Roach x6  
  79  7:06  Overlord x3  
  79  7:17  Overlord x2  
  79  7:18  Overlord  
  79  7:27  Zergling x16  
  87  7:42  Zergling x16  
  82  7:54  Roach x4  
  87  8:18  Roach x4  
  87  8:19  Roach x5  
  89  8:35  Roach x4  
  89  8:36  Roach x3  
  96  8:43  Drone x4  
  95  8:56  Roach x5  
  105  9:05  Drone x3  
  105  9:09  Zergling x4  
  110  9:22  Roach  
  110  9:23  Roach  
  114  9:36  Overlord x4  
  114  9:39  Hatchery  
  113  9:46  Drone  
  113  9:47  Overlord x3  
  113  10:19  Zergling x20  
  113  10:20  Zergling x16  
  107  10:39  Zergling x2  
  93  10:45  Hatchery  
  65  11:11  Zergling x6  
  65  11:13  Roach x2  
  42  12:46  Drone  
  42  12:48  Spawning Pool  
  40  13:05  Drone x2  
  27  13:29  Drone  
  27  13:31  Drone  
  25  14:27  Zergling x10  
  25  14:28  Zergling x6  
Show
View Real Time Build Order
Export as new Build Order

GABEN Terran - Winner!

Build Orders: 2 Factory 

Get SALT Encoding   

  12  0:01  SCV  
  13  0:13  SCV  
  14  0:18  Supply Depot  
  14  0:25  SCV  
  15  0:39  SCV  
  15  0:40  Barracks  
  16  0:49  Refinery  
  16  0:51  SCV  
  17  1:03  SCV  
  18  1:15  SCV  
  19  1:28  SCV  
  20  1:35  Command Center  
  20  1:37  Reaper  
  21  1:41  SCV  
  22  1:48  Supply Depot  
  22  2:02  Orbital Command  
  22  2:06  Refinery  
  22  2:16  Barracks Reactor  
  22  2:27  Factory  
  22  2:30  SCV  
  23  2:42  SCV  
  24  2:48  Orbital Command  
  24  2:54  SCV  
  25  3:03  Factory  
  25  3:07  Factory  
  25  3:18  SCV  
  25  3:19  SCV  
  27  3:21  Barracks Tech Lab  
  27  3:31  SCV  
  28  3:41  SCV  
  29  3:43  SCV  
  29  3:45  Hellion x2  
  29  3:47  Factory Tech Lab  
  33  3:52  Factory  
  33  3:57  SCV x2  
  33  3:59  Barracks Tech Lab  
  33  4:00  Cyclone  
  38  4:06  Refinery  
  38  4:08  Refinery, Engineering Bay  
  38  4:09  SCV x2  
  40  4:11  Hellion  
  40  4:12  Hellion  
  44  4:20  Infernal Pre-Igniter  
  44  4:23  Hellion  
  46  4:31  Supply Depot  
  46  4:33  Supply Depot  
  46  4:45  Factory Tech Lab  
  46  4:50  Command Center  
  46  4:53  SCV x2, Armory  
  48  5:05  SCV  
  49  5:07  Cyclone  
  49  5:08  Cyclone  
  49  5:12  SCV  
  56  5:16  Supply Depot  
  56  5:17  SCV  
  55  5:29  SCV x2  
  55  5:34  Supply Depot  
  57  5:36  Hellion x2  
  59  5:57  Supply Depot  
  53  6:04  Cyclone  
  53  6:05  Cyclone x2, Hellion x2  
  66  6:11  SCV x2  
  68  6:18  Terran Vehicle Weapons Level 1  
  68  6:22  Factory  
  68  6:23  SCV  
  68  6:24  Factory, Armory  
  70  6:25  SCV  
  70  6:27  Hellion  
  70  6:30  Hellion  
  74  6:33  Orbital Command  
  77  6:40  Cyclone  
  77  6:41  Hellion  
  77  6:42  SCV x2  
  81  6:56  SCV x2  
  83  7:07  SCV  
  85  7:08  SCV x2  
  85  7:09  Refinery  
  85  7:10  Factory Tech Lab x2  
  85  7:11  Refinery  
  85  7:12  Hellion x2  
  85  7:13  Cyclone x2  
  96  7:19  Terran Vehicle And Ship Armor Level 1, SCV  
  96  7:20  SCV x2  
  99  7:25  Supply Depot  
  99  7:26  Supply Depot  
  88  7:56  Thor x2  
  88  7:57  Thor x2  
  111  7:58  Hellion  
  101  8:26  Orbital Command  
  85  8:52  SCV x3  
  88  9:01  Hellion x7  
  102  9:04  SCV x3  
  105  9:16  SCV x2  
  107  9:22  Terran Vehicle Weapons Level 2  
  107  9:25  Command Center, Armory  
  107  9:27  Cyclone  
  110  9:48  Siege Tank x2  
  110  9:51  SCV  
  117  10:13  Hellion x3  
  116  10:14  Siege Tank  
  112  10:29  Hellion x2  
  110  10:41  Hellion  
  101  10:43  Hellion  
  83  11:41  Orbital Command  
  83  12:11  Refinery  
  83  12:12  Refinery  
  83  12:17  Supply Depot  
  83  12:18  Supply Depot  
  83  12:21  Supply Depot  
  83  12:22  Supply Depot  
  64  13:15  Supply Depot  
  64  13:17  Supply Depot x2  
  64  13:20  Supply Depot  
  64  13:24  SCV  
  55  13:36  SCV  
  56  13:43  Supply Depot  
  56  13:48  SCV  
  63  13:55  Hellion x2  
  63  13:56  Hellion x2  
  63  14:00  Orbital Command, SCV  
  63  14:01  Armory  
  66  14:13  SCV  
Tags
 
Add a new tag
Caveats
  • Supply blocks, unpowered buildings, or Contaminate may cause inaccurate times.
  • Supply counts are checked every 10 seconds.